 Dungeon Crawl Stone Soup version 0.28-a0-851-g8b9cc49659 (webtiles) character file.

Game seed: 5333096190535152794

56 pokeman the Magician (level 3, -1/20 HPs)
             Began as a Deep Elf Hedge Wizard on Nov 14, 2021.
             Slain by a white imp (4 damage)
             ... on level 3 of the Dungeon.
             The game lasted 00:04:36 (2168 turns).

pokeman the Magician (Deep Elf Hedge Wizard)        Turns: 2168, Time: 00:04:37

Health: -1/20      AC:  3    Str:  7    XL:     3   Next: 69%
Magic:  3/11       EV: 11    Int: 19    God:
Gold:   66         SH:  0    Dex: 14    Spells: 1/12 levels left

rFire   . . .      SeeInvis +   d - staff of conjuration
rCold   . . .      Faith    .   (no shield)
rNeg    . . .      Spirit   .   e - +0 leather armour
rPois   .          Reflect  .   c - +0 hat
rElec   .          Harm     .   (no cloak)
rCorr   .          Rampage  .   (no gloves)
Will    .....                   (no boots)
Stlth   ++........              (no amulet)
HPRegen 0.06/turn               g - ring of see invisible
MPRegen 0.12/turn               (no ring)

@: very slightly contaminated
A: no striking features
a: no special abilities


You were on level 3 of the Dungeon.
You visited 1 branch of the dungeon, and saw 3 of its levels.

You collected 66 gold pieces.

Inventory:

Missiles
 k - a throwing net
 m - 23 bolts
Armour
 c - a +0 hat (worn)
 e - a +0 leather armour (worn)
Magical Staves
 d - a staff of conjuration (weapon)
Jewellery
 g - a ring of see invisible (left hand)
 l - a ring of poison resistance
Scrolls
 b - a scroll of fear {unknown}
 f - 2 scrolls of magic mapping {unknown}
 h - 3 scrolls of identify {unknown}
Potions
 a - a potion of attraction {unknown}
 i - 2 potions of curing {unknown}
 j - a potion of mutation {unknown}


   Skills:
 - Level 1.0 Fighting
 - Level 1.0 Armour
 + Level 2.4 Dodging
 - Level 2.4 Stealth
 * Level 5.3 Spellcasting
 + Level 2.1 Conjurations
 - Level 1.1 Summonings
 - Level 1.1 Translocations
 + Level 0.0 Fire Magic


You had one spell level left.
You knew the following spells:

 Your Spells              Type           Power      Damage    Failure   Level
a - Magic Dart            Conj           76%        1d6       8%          1
b - Mephitic Cloud        Conj/Pois/Air  11%        N/A       36%         3
c - Call Imp              Summ           9%         N/A       17%         2
d - Blink                 Tloc           18%        N/A       17%         2
e - Conjure Flame         Conj/Fire      13%        6-21      34%         3

Your spell library contained the following spells:

 Spells                   Type           Power      Damage    Failure   Level
 Slow                     Hex            20%        N/A       19%         1


Dungeon Overview and Level Annotations

Branches:
Dungeon (3/15)

Altars:

Shops:
D:1 :


Message History

Confirm with . or Enter, or press ? or * to list all spells.
Aiming: Magic Dart (safe; 8% risk of failure)
Press: ? - help, Shift-Dir - straight line, f/p - white imp
Aim: a white imp (moderately wounded, 100% to hit)
You feel a surge of power!
The magic dart hits the white imp but does no damage.
The white imp is moderately wounded.
The white imp gestures at you. The puff of frost hits you!
Ouch! That really hurt!
The hobgoblin barely misses you.
Casting: Magic Dart (safe; 8% risk of failure)
Confirm with . or Enter, or press ? or * to list all spells.
Aiming: Magic Dart (safe; 8% risk of failure)
Press: ? - help, Shift-Dir - straight line, f/p - white imp
Aim: a white imp (moderately wounded, 100% to hit)
You feel a surge of power!
The magic dart hits the white imp but does no damage.
The white imp is moderately wounded.
The white imp hits you. The white imp freezes you.
* * * LOW HITPOINT WARNING * * *
The hobgoblin hits you.
* * * LOW HITPOINT WARNING * * *
Casting: Magic Dart (safe; 8% risk of failure)
Confirm with . or Enter, or press ? or * to list all spells.
Aiming: Magic Dart (safe; 8% risk of failure)
Press: ? - help, Shift-Dir - straight line, f/p - white imp
Aim: a white imp (moderately wounded, 100% to hit)
Okay, then.
Unknown command.
Unknown command.
Unknown command.
Unknown command.
Unknown command.
Casting: Magic Dart (safe; 8% risk of failure)
Confirm with . or Enter, or press ? or * to list all spells.
You miscast Call Imp.
You are very lightly contaminated with residual magic.
Nothing appears to happen.
The white imp hits you.
You die...

.........#
.........#
.........##
##.#......
.......#.# ###
.........# ...
....†..<.# ..#
.......#g###...###
.........5@.......
#########.##...##.
.... ..# #.#.##
... #.... ... .
... ## ....#.. ..
.. ..


You could see a white imp and a hobgoblin.

Vanquished Creatures
  2 adders (D:2)
  A worm (D:2)
  2 dart slugs (D:1)
  2 ball pythons (D:1)
  3 bats
  5 endoplasms
  A giant cockroach (D:2)
  A goblin (D:1)
  3 hobgoblins
  2 kobolds
  2 quokkas (D:1)
  2 frilled lizards
  2 rats (D:1)
28 creatures vanquished.

Notes
Turn   | Place    | Note
-------+----------+-------------------------------------------
     0 | D:1      | pokeman the Deep Elf Hedge Wizard began the quest for the
                  | Orb.
     0 | D:1      | Reached XP level 1. HP: 10/10 MP: 7/7
   267 | D:1      | Reached XP level 2. HP: 15/15 MP: 3/9
   386 | D:1      | Found a faded altar of an unknown god.
   496 | D:1      | You fall into a shaft and drop 1 floor!
   594 | D:2      | Reached skill level 5 in Spellcasting
   963 | D:1      | Reached XP level 3. HP: 13/20 MP: 4/11
   967 | D:1      | Learned a level 3 spell: Mephitic Cloud
   970 | D:1      | Learned a level 2 spell: Call Imp
   973 | D:1      | Learned a level 2 spell: Blink
   977 | D:1      | Learned a level 3 spell: Conjure Flame
  1252 | D:1      | Found Hurothil's Book Boutique.
  1709 | D:2      | Reached skill level 1 in Fighting
  2061 | D:2      | Reached skill level 1 in Armour
  2168 | D:3      | Slain by a white imp

Illustrated notes

Levels and vault maps discovered:
D:1:      mushboom_english_gardens, layout_basic,
          hellmonk_ecumenical_altar_leap_of_faith, serial_shops,
          nicolae_shop_window_shopping
D:2:      layout_loops_cross, roderic_nine_men_s_morris
D:3:      layout_basic, old_standard_altar, nicolae_dithmenos_the_darkroom,
          nicolae_ashenzari_panopticon, minivault_24

Skill      XL: |  1  2  3 |
---------------+----------+-----
Spellcasting   | 5 |  5.3
Fighting       | 1 |  1.0
Conjurations   | 2 |  2.1
Armour         | 1 |  1.0
Dodging        | |  2.4
Stealth        | |  2.4
Summonings     | |  1.1
Translocations | |  1.1

Action                   || total
-------------------------++-------
Melee: Staff             ||     1
 Cast: Magic Dart        ||   102
Armor: Leather armour    ||     4
Dodge: Dodged            ||    10

Table legend: (Time is in decaauts)
 A = Elapsed time spent in this place.
 B = Non-inter-level travel time spent in this place.
 C = Inter-level travel time spent in this place.
 D = Time resting spent in this place.
 E = Time spent auto-exploring this place.
 F = Levels seen in this place.
 G = Mean time per level.
                   A        B        C        D        E       F      G
               +--------+--------+--------+--------+--------+-----+--------+
         Total |   2169 |   2087 |     82 |     80 |   1755 |   3 |  723.0 |
       Dungeon |   2169 |   2087 |     82 |     80 |   1755 |   3 |  723.0 |
               +--------+--------+--------+--------+--------+-----+--------+

Top non-repeatable levels by time:
     D:1: 1142 daAuts
     D:2: 1010 daAuts
     D:3: 17 daAuts
